 Dungeon Crawl Stone Soup version 0.29.1-12-g30fa7ad0bf (webtiles) character file.

Game seed: 284898845292729166

61 cheesebisquit the Chopper (level 3, -3/33 HPs)
             Began as a Minotaur Berserker on Jan 3, 2023.
             Was a Believer of Trog.
             Killed from afar by Sigmund (6 damage)
             ... with a magic dart
             ... on level 2 of the Dungeon.
             The game lasted 00:06:52 (1516 turns).

cheesebisquit the Chopper (Minotaur Berserker)      Turns: 1516, Time: 00:06:53

Health: -3/33      AC:  5    Str: 23    XL:     3   Next: 83%
Magic:  2/2        EV:  7    Int:  4    God:    Trog [**....]
Gold:   91         SH: 10    Dex:  9    Spells: 2/2 levels left

rFire   . . .      SeeInvis .   a - +0 hand axe
rCold   . . .      Faith    .   k - +0 tower shield
rNeg    . . .      Spirit   .   b - +0 animal skin
rPois   .          Reflect  .   (helmet restricted)
rElec   .          Harm     .   (no cloak)
rCorr   .          Rampage  .   h - +2 pair of gloves of the Great Game {Stlth+}
Will    .....                   (no boots)
Stlth   ++........              (no amulet)
HPRegen 0.11/turn               (no ring)
MPRegen 0.08/turn               (no ring)

@: on berserk cooldown, slowed, very slow
A: horns 2, retaliatory headbutt
a: Renounce Religion, Berserk, Trog's Hand


You were on level 2 of the Dungeon.
You worshipped Trog.
Trog was pleased with you.
You visited 1 branch of the dungeon, and saw 2 of its levels.

You collected 91 gold pieces.

Inventory:

Hand Weapons
 a - a +0 hand axe (weapon)
Armour
 b - a +0 animal skin (worn)
 h - the +2 pair of gloves of the Great Game (worn) {Stlth+}
   (You found it on level 2 of the Dungeon)

   Stlth:     It makes you more stealthy.
 k - a +0 tower shield (worn)
Scrolls
 c - a scroll of vulnerability {unknown}
 d - a scroll of enchant weapon {unknown}
 e - a scroll of enchant armour {unknown}
 f - 2 scrolls of immolation {unknown}
 g - a scroll of fog {unknown}
 l - a scroll of teleportation {unknown}
 m - a scroll of identify {unknown}
 n - a scroll of poison {unknown}
Potions
 i - a potion of attraction {unknown}
 j - a potion of mutation {unknown}


   Skills:
 - Level 3.8 Fighting
 + Level 5.2 Axes
 - Level 2.6 Armour
 - Level 2.4 Dodging
 + Level 1.1 Shields


You had 2 spell levels left.
You didn't know any spells.
Your spell library was empty.

Dungeon Overview and Level Annotations

Branches:
Dungeon (2/15)

Altars:

Annotations:
D:2 Sigmund


Innate Abilities, Weirdness & Mutations

You have a pair of horns on your head.
You reflexively headbutt those who attack you in melee.


Message History

Sigmund barely misses you.
You closely miss Sigmund.
Sigmund is severely wounded.
You block Sigmund's attack. x2
The endoplasm freezes you.
You are frozen.
You barely miss Sigmund.
Sigmund is severely wounded.
You hit the endoplasm.
Your skin stops crawling.
You feel less strong-willed. The endoplasm barely misses you.
Sigmund screams, "You will never...
NEVER!!!"
Sigmund hits you with a +0 scythe. You block the endoplasm's attack.
You closely miss Sigmund.
Sigmund is severely wounded.
You hit the endoplasm.
You kill the endoplasm!
Trog accepts your kill. Sigmund hits you with a +0 scythe!
You block Sigmund's attack.
You hit Sigmund. Your headbutt misses Sigmund.
Sigmund is almost dead.
Sigmund hits you with a +0 scythe!
* * * LOW HITPOINT WARNING * * *
You closely miss Sigmund.
Sigmund is almost dead.
Sigmund hits you with a +0 scythe.
* * * LOW HITPOINT WARNING * * *
Sigmund barely misses you.
You closely miss Sigmund. Your headbutt misses Sigmund.
Sigmund is almost dead.
Sigmund hits you but does no damage.
Okay, then.
You hit Sigmund but do no damage.
Sigmund is almost dead.
Sigmund breathes a few words.
Sigmund's hands start flickering wildly.
Sigmund hits you but does no damage. Sigmund casts a spell at you.
The magic dart hits you.
You die...

#..............
#####.#
##...######### ##
#.# ##.## #. ..# .#
#.# #. ≈##..# #.#
#. .≈... #.# #.
.≈.. #
#.#######.###_###)#
#......##....§...?#
######[.#(.@@≈.:..#
#.##..##≈##..#
#.##....≈....# #.#
#.######)##### #.#
#.##.#.#.# #.#
#.##.#...# #.#
#.##.#.### #.#
#.##.#.# #.#
##.##.#.### #.#


You could see Sigmund.

Vanquished Creatures
  2 adders (D:2)
  A worm (D:2)
  A bat (D:1)
  7 endoplasms
  A giant cockroach (D:1)
  10 goblins
  3 hobgoblins
  2 quokkas
  3 ball pythons
  A frilled lizard (D:1)
  2 kobolds
  3 rats (D:1)
36 creatures vanquished.

Notes
Turn   | Place    | Note
-------+----------+-------------------------------------------
     0 | D:1      | cheesebisquit the Minotaur Berserker began the quest for
                  | the Orb.
     0 | D:1      | Reached XP level 1. HP: 19/19 MP: 0/0
   306 | D:1      | Reached XP level 2. HP: 27/27 MP: 1/1
   384 | D:1      | Reached skill level 4 in Axes
  1089 | D:2      | Reached XP level 3. HP: 33/33 MP: 2/2
  1176 | D:2      | Identified the +2 pair of gloves of the Great Game {Stlth+}
  1277 | D:2      | Reached ** piety under Trog
  1297 | D:2      | Reached skill level 5 in Axes
  1494 | D:2      | Found a faded altar of an unknown god.
  1495 | D:2      | Noticed Sigmund
  1502 | D:2      | Reached skill level 1 in Shields
  1516 | D:2      | Killed from afar by Sigmund

Illustrated notes

Levels and vault maps discovered:
D:1:      lightli_arrival_chessboard, layout_basic
D:2:      layout_loops_ring, shapermc_ecumenical_altar_notcrosses,
          minmay_3d_cube, uniq_sigmund

Skill      XL: |  1  2  3 |
---------------+----------+-----
Axes           | 4 5 |  5.2
Shields        | 1 |  1.1
Fighting       | |  3.8
Armour         | |  2.6
Dodging        | |  2.4

Action                   || total
-------------------------++-------
Melee: Hand axe          ||    88
       Headbutt          ||    10
       Punch             ||     1
Invok: Berserk           ||     2
       Trog's Hand       ||     1
  Use: Potion            ||     2
 Stab: Sleeping          ||     3
Armor: Animal skin       ||    14
       Skin              ||     4
Dodge: Dodged            ||    43
Block: Tower shield      ||    31
